AoeStats
← El Fantasma de Pancho Villa

Fortress

508070376Analyzed
4v4 RM · 11d ago on Sep 20, 2026· 41m 53s· 8 players
Game mode
Random Map
Map size
Huge
Population
200
Speed
Normal
Resources
Standard
Victory
Conquest
Starting age
Dark Age
Ending age
Imperial Age
RankedLock teamsTeams togetherTeam positionsShared explorationLock speedFull tech treeHidden civsTurbo modeCheats
Victory
Defeat
🇨🇴 Hindustanis · Colombia
1182
+12
🇹🇷 Shu · Türkiye
1124
+14
🇺🇸 Cumans · United States
1116
+14
🇨🇴 Franks · Colombia
1094
+15
🇳🇱 Persians · Netherlands
1107
-15
🇪🇸 Spanish · Spain
1080
-14
🇪🇸 Saracens · Spain
1079
-14
🇨🇴 Celts · Colombia
1042
-12
El Fantasma de Pancho Villa
9:19 Feudal Age
9:30 Man-at-Arms
11:22 Scale Mail Armor
12:41 Forging
13:07 Double-Bit Axe
18:09 Wheelbarrow
21:22 Fletching
21:33 Padded Archer Armor
29:37 Castle Age
28:18 Horse Collar
29:50 Crossbowman
30:35 Thumb Ring
30:52 Leather Archer Armor
30:36 Bodkin Arrow
35:09 Imperial Age
34:29 Ballistics
34:18 Heavy Plow
35:02 Hand Cart
35:07 Bow Saw
35:00 Town Watch
36:25 Ring Archer Armor
37:00 Chemistry
35:56 Murder Holes
35:37 Pikeman
37:25 Chain Mail Armor
37:45 Iron Casting
38:38 Plate Mail Armor
37:31 Halberdier
38:12 Squires
37:57 Arson
41:05 Blast Furnace
Kriptico
8:13 Feudal Age
12:39 Castle Age
10:39 Double-Bit Axe
11:00 Horse Collar
13:09 Wheelbarrow
13:42 Bow Saw
13:45 Heavy Plow
28:17 Imperial Age
26:26 Forging
26:21 Scale Barding Armor
27:21 Hand Cart
26:52 Loom
26:53 Town Watch
27:46 Iron Casting
27:17 Grand Trunk Road
27:21 Husbandry
27:32 Bloodlines
29:28 Chain Barding Armor
30:32 Blast Furnace
28:54 Heavy Camel Rider
31:37 Two-Man Saw
30:30 Gold Mining
31:17 Plate Barding Armor
31:06 Imperial Camel Rider
33:03 Conscription
35:11 Chemistry
34:34 Ballistics
33:41 Pikeman
34:23 Squires
34:32 Arson
34:49 Scale Mail Armor
36:02 Chain Mail Armor
36:51 Gold Shaft Mining
36:07 Stone Mining
39:33 Fletching
39:43 Padded Archer Armor
RzBol
8:06 Feudal Age
9:32 Wheelbarrow
12:18 Castle Age
10:50 Double-Bit Axe
12:01 Scale Barding Armor
14:08 Forging
14:34 Bow Saw
15:39 Stone Mining
19:04 Hand Cart
21:57 Gold Mining
22:17 Scale Mail Armor
27:47 Imperial Age
25:59 Chain Barding Armor
27:40 Gold Shaft Mining
27:19 Husbandry
28:29 Stone Mining
29:10 Conscription
28:24 Cavalier
29:55 Plate Barding Armor
29:16 Town Watch
29:17 Loom
30:37 Chemistry
30:36 Iron Casting
30:16 Chain Mail Armor
30:30 Chivalry
31:13 Paladin
32:20 Town Patrol
33:42 Chain Mail Armor
34:28 Blast Furnace
35:05 Plate Mail Armor
34:26 Fletching
34:36 Padded Archer Armor
35:39 Hoardings
38:20 Capped Ram
38:35 Pikeman
39:17 Squires
KODZHA
7:13 Feudal Age
11:00 Castle Age
10:04 Double-Bit Axe
12:01 Horse Collar
12:08 Crossbowman
16:49 Fletching
18:19 Bodkin Arrow
20:04 Padded Archer Armor
20:18 Gold Mining
23:38 Scale Mail Armor
25:48 Stone Mining
26:42 Thumb Ring
27:58 Heavy Plow
28:26 Leather Archer Armor
29:27 Forging
31:09 Chain Mail Armor
37:13 Imperial Age
35:50 Gold Shaft Mining
35:26 Bow Saw
37:22 Wheelbarrow
36:33 Town Watch
36:33 Loom
37:41 Ballistics
36:53 Pikeman
37:33 Squires
37:18 Arson
37:59 Bracer
37:48 Arbalester
39:31 Ring Archer Armor
40:01 Conscription
42:30 Chemistry
QUEVEDO
0:57 Loom
8:24 Feudal Age
12:08 Castle Age
11:31 Double-Bit Axe
11:52 Gold Mining
19:36 Scale Barding Armor
21:21 Forging
22:29 Horse Collar
24:09 Wheelbarrow
24:22 Bow Saw
26:32 Bloodlines
26:45 Husbandry
28:29 Iron Casting
29:21 Hand Cart
33:00 Imperial Age
31:46 Town Watch
32:22 Heavy Plow
34:00 Caravan
33:57 Elite Mameluke
35:01 Conscription
35:18 Chain Barding Armor
35:27 Stone Mining
36:13 Gold Shaft Mining
36:38 Hoardings
37:32 Blast Furnace
38:50 Pikeman
39:32 Scale Mail Armor
40:08 Plate Barding Armor
41:44 Squires
41:30 Arson
41:31 Gambesons
42:04 Chain Mail Armor
Clark_Kent__
0:45 Loom
7:17 Feudal Age
11:47 Castle Age
9:59 Double-Bit Axe
10:04 Horse Collar
25:40 Bow Saw
27:19 Wheelbarrow
28:44 Town Watch
31:05 Gold Mining
33:57 Imperial Age
32:08 Padded Archer Armor
33:11 Leather Archer Armor
33:46 Bloodlines
33:36 Husbandry
36:07 Conscription
35:22 Capped Ram
36:45 Murder Holes
38:26 Hand Cart
38:12 Town Patrol
38:57 Ring Archer Armor
40:07 Masonry
40:18 Ballistics
deRoode
7:48 Feudal Age
6:07 Loom
11:31 Castle Age
9:45 Double-Bit Axe
9:54 Horse Collar
17:01 Bow Saw
17:21 Husbandry
19:19 Gold Mining
21:54 Scale Barding Armor
22:01 Forging
22:55 Bloodlines
22:45 Husbandry
23:15 Heavy Plow
24:58 Wheelbarrow
28:12 Imperial Age
26:28 Chain Barding Armor
28:43 Stone Mining
29:33 Conscription
28:38 Cavalier
30:35 Iron Casting
30:35 Plate Barding Armor
30:48 Hand Cart
30:19 Town Watch
31:19 Savar
34:00 Blast Furnace
32:52 Fletching
35:06 Gold Shaft Mining
37:54 Kamandaran
38:07 Citadels
41:17 Bodkin Arrow
41:22 Padded Archer Armor
41:24 Scale Mail Armor
41:34 Thumb Ring
40:50 Crossbowman
andres.sojo2809
1:35 Loom
9:04 Feudal Age
9:44 Horse Collar
10:10 Double-Bit Axe
14:35 Castle Age
12:44 Scale Mail Armor
13:16 Gold Mining
13:24 Stone Mining
14:42 Pikeman
15:44 Heavy Plow
17:11 Fletching
23:58 Bodkin Arrow
27:32 Imperial Age
27:48 Bow Saw
29:03 Conscription
30:49 Wheelbarrow
30:00 Town Watch
30:32 Chain Mail Armor
32:07 Chemistry
33:06 Forging
36:05 Halberdier
Connection lost

Rejoining the realm…

Still unreachable

The connection could not be restored.

Session expired

The server has moved on; the page needs a fresh start.